 Dungeon Crawl Stone Soup version 0.31-a0-233-g139696dc86 (webtiles) character file.

Game seed: 13405836586832714763

198 qw the Shooter (level 5, -2/32 HPs)
             Began as a Gargoyle Hexslinger on July 7, 2023.
             Was an Initiate of Okawaru.
             Slain by an iguana (10 damage)
             ... on level 5 of the Dungeon.
             The game lasted 00:01:03 (2897 turns).

qw the Shooter (Gargoyle Hexslinger)                Turns: 2897, Time: 00:01:04

Health: -2/32      AC: 10    Str: 11    XL:     5   Next: 77%
Magic:  6/6        EV: 10    Int: 14    God:    Okawaru [......]
Gold:   73         SH:  0    Dex: 14    Spells: 5/6 levels left

rFire   . . .        Y - +4 sling
rCold   . . .        (no shield)
rNeg    + . .        e - +0 ring mail
rPois   inf          h - +0 helmet
rElec   +            (no cloak)
rCorr   .            (no gloves)
SInv    .            (no boots)
Will    .....        c - amulet of regeneration
Stlth   +            (no ring)
HPRegen 1.05/turn    (no ring)
MPRegen 0.10/turn

%: no passive effects
@: no status effects
A: sickness immunity, AC +4, negative energy resistance 1, electricity
resistance, torment resistance 1, petrification resistance
a: Renounce Religion


You were on level 5 of the Dungeon.
You worshipped Okawaru.
Okawaru was noncommittal.
You visited 1 branch of the dungeon, and saw 5 of its levels.

You collected 115 gold pieces.
You spent 42 gold pieces at shops.


Innate Abilities, Weirdness & Mutations

You are immune to sickness and miasma.
Your stone body is resilient. (AC +4)
You are immune to poison.
You resist negative energy. (rN+)
You are resistant to electric shocks. (rElec)
You are resistant to unholy torment.
You are immune to petrification.


   Skills:
 + Level 2.8 Fighting
 - Level 5.0 Ranged Weapons
 - Level 1.3 Armour
 - Level 1.5 Dodging
 - Level 1.0 Spellcasting
 - Level 2.6 Hexes


You had 5 spell levels left.
You knew the following spells:

 Your Spells              Type           Power      Damage    Failure   Level
a - Slow                  Hex            32%        N/A       21%         1

Your spell library contained the following spells:

 Spells                   Type           Power      Damage    Failure   Level
 Inner Flame              Hex/Fire       4%         N/A       71%         3
 Portal Projectile        Hex/Tloc       8%         N/A       71%         3
 Cause Fear               Hex            4%         N/A       90%         4

Inventory:

Hand Weapons
 Y - a +4 sling (weapon)
Armour
 e - a +0 ring mail (worn)
 h - a +0 helmet (worn)
Jewellery
 c - an amulet of regeneration (around neck)
Scrolls
 a - a scroll of identify
Potions
 d - a potion of enlightenment
 f - 3 potions of might
 i - 2 potions of curing
 k - a potion of haste

Dungeon Overview and Level Annotations

Branches:
Dungeon (5/15)
 Temple: D:4-7

Altars:
Nemelex Xobeh
Okawaru

Shops:
D:2 *   D:3 :

Annotations:
D:3 1 runed translucent door, qw's ghost, amateur GrHs
D:5 Ijyb; Pikel


Message History

Pikel hits you with a +2 whip of freezing.
Pikel freezes you.
Pikel hits you with a +2 whip of freezing.
Pikel freezes you.
You shoot a sling bullet. The sling bullet barely misses Pikel.
The sling bullet hits the lemure.
The lemure is almost dead.
Pikel hits you with a +2 whip of freezing.
Pikel freezes you.
You shoot a sling bullet. The sling bullet hits Pikel.
Pikel is severely wounded.
Pikel hits you with a +2 whip of freezing.
Pikel freezes you.
2892 ||| READING scroll of teleportation.
As you read the scroll of teleportation, it crumbles to dust.
You feel strangely unstable. Pikel closely misses you.
You shoot a sling bullet. The sling bullet closely misses Pikel.
The sling bullet hits the lemure.
You kill the lemure!
That felt strangely unrewarding.
Pikel hits you with a +2 whip of freezing.
Pikel freezes you. Ijyb screams, "Me stronger than you!"
You shoot a sling bullet. The sling bullet hits Pikel.
Pikel is severely wounded.
Your surroundings suddenly seem different.
An iguana comes into view.
The iguana hisses angrily.
The iguana bites you.
You shoot a sling bullet. The sling bullet hits the iguana.
The iguana is moderately wounded.
The iguana closely misses you.
You shoot a sling bullet. The sling bullet hits the iguana.
The iguana is severely wounded.
The iguana bites you.
You shoot a sling bullet.
The sling bullet closely misses the iguana.
The iguana bites you!
You die...

.......##
#.......#
#.......#
.......
......
#...#
#...#
#.l@#
#.....#
#...###
#....
.....
.....
..#. ..#.


You could see an iguana.

Vanquished Creatures
  A lemure (D:5)
  A howler monkey (D:4)
  2 hounds
  An iguana (D:5)
  An adder (D:4)
  2 dart slugs (D:3)
  An orc (D:3)
  4 endoplasms
  3 giant cockroaches
  8 goblins
  11 hobgoblins
  8 kobolds
  3 quokkas
  5 ball pythons
  4 bats
  6 frilled lizards
  2 rats (D:1)
63 creatures vanquished.

Notes
Turn   | Place    | Note
-------+----------+-------------------------------------------
     0 | D:1      | qw the Gargoyle Hexslinger began the quest for the Orb.
     0 | D:1      | Reached XP level 1. HP: 12/12 MP: 2/2
     0 | D:1      | 0 ||| qw: Version: 0.3-a-46-gb1f654a
     0 | D:1      | 0 ||| qw: Game counter: 3170
     0 | D:1      | 0 ||| qw: Melee chars always use a shield: true
     0 | D:1      | 0 ||| qw: God list: Okawaru
     0 | D:1      | 0 ||| qw: Allow faded altars: false
     0 | D:1      | 0 ||| qw: Do Orc after clearing Dungeon:15 true
     0 | D:1      | 0 ||| qw: Do second Lair branch before Depths: true
     0 | D:1      | 0 ||| qw: Lair rune preference: random
     0 | D:1      | 0 ||| qw: Goals: Normal
     0 | D:1      | 0 ||| PLANNING D:1-11
   122 | D:1      | Reached XP level 2. HP: 16/16 MP: 3/3
   180 | D:1      | Reached skill level 3 in Ranged Weapons
   688 | D:1      | 688 ||| DRINKING 2 fuming emerald potions.
   689 | D:1      | 689 ||| DROPPING scroll of poison.
   690 | D:1      | 690 ||| DROPPING potion of brilliance.
   777 | D:2      | Reached XP level 3. HP: 21/21 MP: 4/4
   876 | D:2      | Found Saiwkiv's General Store.
   884 | D:2      | 884 ||| BUYING potion of curing (42 gold).
   884 | D:2      | Bought a potion of curing for 42 gold pieces
   884 | D:2      | 884 ||| SHOPLISTING potion of mutation (112 gold, have 1).
   942 | D:2      | Found a faded altar of an unknown god.
  1050 | D:2      | 1050 ||| UPGRADING to +0 leather armour.
  1060 | D:2      | 1060 ||| DROPPING +0 robe.
  1321 | D:2      | 1321 ||| UPGRADING to amulet of regeneration.
  1326 | D:2      | 1326 ||| READING 4 scrolls labelled GATSAXTOTY.
  1327 | D:2      | 1327 ||| READING scroll labelled XUNAOJ VAPINITT.
  1328 | D:2      | 1328 ||| READING scroll labelled TUICUY ZEGACOI.
  1329 | D:2      | 1329 ||| READING 3 scrolls of identify.
  1329 | D:2      | 1329 ||| IDENTIFYING emerald potion
  1330 | D:2      | 1330 ||| READING 2 scrolls of identify.
  1330 | D:2      | 1330 ||| IDENTIFYING ruby potion
  1465 | D:3      | Noticed qw's ghost (amateur GrHs)
  1475 | D:3      | Found a runed translucent door.
  1489 | D:3      | Found Qeimof's Book Shop.
  1629 | D:3      | Found a sparkling altar of Nemelex Xobeh.
  2148 | D:3      | Reached XP level 4. HP: 26/26 MP: 5/5
  2244 | D:3      | 2244 ||| UPGRADING to +0 helmet.
  2249 | D:3      | 2249 ||| READING scroll labelled MIRIPT OLUTASAUC.
  2250 | D:3      | 2250 ||| READING scroll labelled DORIFRACUN.
  2284 | D:3      | 2284 ||| DRINKING 2 coppery potions.
  2285 | D:3      | 2285 ||| READING 2 scrolls of identify.
  2285 | D:3      | 2285 ||| IDENTIFYING red potion
  2286 | D:3      | 2286 ||| DROPPING potion of attraction.
  2373 | D:4      | Reached skill level 4 in Ranged Weapons
  2441 | D:4      | Reached skill level 5 in Ranged Weapons
  2441 | D:4      | Reached XP level 5. HP: 24/30 MP: 6/6
  2588 | D:4      | Found an iron altar of Okawaru.
  2589 | D:4      | 2589 ||| PLANNING OKAWARU WORSHIP
  2589 | D:4      | 2589 ||| READING 3 scrolls labelled HUAROE JALIE.
  2590 | D:4      | 2590 ||| READING 2 scrolls of enchant weapon.
  2590 | D:4      | 2590 ||| ENCHANTING +2 sling.
  2591 | D:4      | 2591 ||| READING scroll of enchant weapon.
  2591 | D:4      | 2591 ||| ENCHANTING +3 sling.
  2594 | D:4      | Became a worshipper of Warmaster Okawaru
  2595 | D:4      | 2595 ||| PLANNING D:1-11
  2783 | D:4      | 2783 ||| UPGRADING to +0 ring mail.
  2793 | D:4      | 2793 ||| DROPPING +0 leather armour.
  2794 | D:4      | 2794 ||| READING 2 scrolls of identify.
  2794 | D:4      | 2794 ||| IDENTIFYING glowing inky potion
  2795 | D:4      | 2795 ||| DROPPING potion of ambrosia.
  2805 | D:5      | Entered Level 5 of the Dungeon
  2834 | D:5      | Reached skill level 1 in Armour
  2871 | D:5      | Noticed Pikel
  2871 | D:5      | Noticed a lemure
  2871 | D:5      | Noticed a lemure
  2871 | D:5      | Noticed a lemure
  2878 | D:5      | Noticed Ijyb
  2879 | D:5      | Noticed a black bear
  2883 | D:5      | Noticed a lemure
  2891 | D:5      | HP: 8/32 [Pikel/+2 whip of freezing (2)]
  2892 | D:5      | 2892 ||| READING scroll of teleportation.
  2893 | D:5      | Killed a lemure
  2896 | D:5      | HP: 6/32 [iguana (2)]
  2897 | D:5      | Slain by an iguana

Levels and vault maps discovered:
D:1:      wheals_arrival_linesprint, layout_basic, hangedman_decor_growths,
          kennysheep_boxes
D:2:      layout_basic, ebering_ecumenical_altar_petrified, serial_shops, shop,
          minmay_strange_pillars, minmay_door_square
D:3:      layout_basic, nemelex_altar_shiori, serial_shops,
          nicolae_shop_tiny_waterfront, hellmonk_ghost_happy_afterlife,
          minmay_misc_feat_nine_boxes
D:4:      layout_basic, kennysheep_mini
D:5:      layout_basic, temple_statues, st_stairs_4,
          hangedman_abyss_or_decor_slice, uniq_pikel, uniq_sigmund, uniq_ijyb

Skill      XL: |  1  2  3  4  5 |
---------------+----------------+-----
Ranged Weapons | 3 5 |  5.0
Fighting       | 2 |  2.8
Armour         | 1 |  1.3
Dodging        | |  1.5
Spellcasting   | |  1.0
Hexes          | |  2.6

Action                     |  1- 3 |  4- 6 || total
---------------------------+-------+-------++-------
   Fire: Sling             |   118 |   112 ||   230
    Use: Potion            |     1 |     1 ||     2
         Scroll            |     5 |     8 ||    13
 Armour: Leather armour    |     9 |    20 ||    29
         Robe              |     2 |       ||     2
         Ring mail         |       |     9 ||     9
  Dodge: Dodged            |    26 |    49 ||    75

Table legend:
 A = Non-vault XP
 B = Vault XP
 C = Vault XP percentage of total XP
 D = Non-vault monster count
 E = Vault monster count
 F = Vault count percentage of total count
                 A         B        C        D         E       F
            +---------+---------+-------+---------+---------+-------
      Total |     284 |       0 |   0.0 |      62 |       0 |   0.0
            +---------+---------+-------+---------+---------+-------
        D:1 |      30 |       0 |   0.0 |      19 |       0 |   0.0
        D:2 |      22 |       0 |   0.0 |      14 |       0 |   0.0
        D:3 |      32 |       0 |   0.0 |      15 |       0 |   0.0
        D:4 |     124 |       0 |   0.0 |      12 |       0 |   0.0
        D:5 |      76 |       0 |   0.0 |       2 |       0 |   0.0
            +---------+---------+-------+---------+---------+-------
